 Dungeon Crawl Stone Soup version 0.17-a0-2014-g32cd421 (webtiles) character file.

89 Ijustatesigmund the Sneak (level 4, 0/28 HPs)
             Began as an Octopode Transmuter on Oct 9, 2015.
             Slain by an orc wizard
             ... wielding a +0 dagger
              (2 damage)
             ... on level 3 of the Dungeon.
             The game lasted 00:11:28 (2420 turns).

Ijustatesigmund the Sneak (Octopode Transmuter)     Turns: 2420, Time: 00:11:30

Health: 0/28       AC:  1    Str:  9    XL:     4   Next: 55%
Magic:  1/7        EV: 12    Int: 16    God:
Gold:   150        SH:  0    Dex: 12    Spells: 2 memorised, 4 levels left

rFire  . . .     SeeInvis .     q - +0 blowgun
rCold  . . .     Clarity  .     (no shield)
rNeg   . . .     SustAt   .     (helmet restricted)
rPois  .         Gourm    .     (no amulet)
rElec  .         Spirit   .     h - ring of teleportation
rCorr  .         Warding  .     (no ring)
rMut   .         Rnd*Tele +     (no ring)
MR     .....                    (no ring)
Stlth  ++........               (no ring)
                                (no ring)
                                (no ring)
                                (no ring)

@: confused, not resistant to hostile enchantments, unstealthy
A: almost no armour, amphibious, 8 rings, constrict 8, camouflage 1, gelatinous
body 1
a: Evoke Teleportation


You were on level 3 of the Dungeon.
You were not hungry.

You visited 1 branch of the dungeon, and saw 3 of its levels.

You collected 150 gold pieces.

Inventory:

Hand Weapons
 d - a +1 hand axe
 q - a +0 blowgun (weapon)
Missiles
 a - 35 arrows
 f - a tomahawk
 r - 13 poisoned needles (quivered)
Armour
 o - a +0 buckler
Jewellery
 h - a ring of teleportation (left tentacle)
 p - an uncursed amulet of stasis
Scrolls
 c - a scroll of enchant weapon
 e - 2 scrolls of remove curse
 i - 2 scrolls of recharging
 j - a scroll of immolation
 k - 2 scrolls of teleportation
Potions
 g - 2 potions of poison {unknown}
 n - a potion of cure mutation {unknown}
Books
 b - a book of Changes

   Spells                             Type                      Level
   a - Beastly Appendage              Transmutation                1
   b - Sticks to Snakes               Transmutation                2
   c - Spider Form                    Transmutation/Poison         3
   d - Ice Form                       Ice/Transmutation            4
   e - Blade Hands                    Transmutation                5
Comestibles
 l - a meat ration
 m - a bread ration


   Skills:
 - Level 1.0 Fighting
 + Level 0.2 Throwing
 - Level 2.0 Dodging
 + Level 4.0 Stealth
 - Level 3.0 Unarmed Combat
 - Level 2.0 Spellcasting
 - Level 3.5 Transmutations


You had 4 spell levels left.
You knew the following spells:

 Your Spells              Type           Power        Failure   Level  Hunger
a - Beastly Appendage     Trmt           ##....       6%          1    #......
b - Sticks to Snakes      Trmt           ##........   10%         2    ###....


Dungeon Overview and Level Annotations

Branches:
Dungeon (3/15)

Altars:


Innate Abilities, Weirdness & Mutations

You cannot wear most types of armour.
You are amphibious.
You can wear up to eight rings at the same time.
You can use your tentacles to constrict eight enemies at once.
Your skin changes colour to match your surroundings (Stealth).
Your rubbery body absorbs attacks (AC +1).


Message History

Your ball python barely misses the hobgoblin.
Your ball python bites the hobgoblin but does no damage.
Your ball python closely misses the hobgoblin.
You're too confused to move!
Something hits you.
* * * LOW HITPOINT WARNING * * *
The hobgoblin closely misses you.
You barely miss the hobgoblin.
The hobgoblin is moderately wounded.
You feel less confused.
Your ball python closely misses the hobgoblin.
Your ball python misses the hobgoblin.
You hear some strange, mumbled words.
You are confused.
Your ball python bites the hobgoblin but does no damage.
Your ball python barely misses the hobgoblin.
The hobgoblin hits you with a club.
* * * LOW HITPOINT WARNING * * *
Your ball python barely misses the hobgoblin. x2
Something hits you.
You die...

...####..>.....(##.##.#
........†.....#.#...#..
..#####)#.............. #.##.
##................. .....
#.........#.......#
.....#######................##
..........##.SS.............##
...........##{g.......##.#.#..
.............@.###.#..........
#.........†..................
#.....<....#................. #
##.........#.#.##.........>.# #.
##............####......#.##
#.#########......##... ##......>
........# #.........#####........
........####......####....###....
........#.........####[..## ##...


You could see a hobgoblin and 2 friendly ball pythons.

Vanquished Creatures
  2 adders (D:2)
  An ooze (D:2)
  2 worms (D:2)
  4 giant geckos
  An orc (D:3)
  8 goblins
  9 hobgoblins
  2 jackals (D:1)
  A ball python (D:1)
  5 bats
  4 giant cockroaches
  4 giant newts
  2 kobolds
  3 rats
48 creatures vanquished.

Vanquished Creatures (collateral kills)
  A worm (D:2)
  3 orcs (D:3)
  A bat (D:3)
  A kobold (D:3)
  A giant newt (D:3)
  A rat (D:3)
8 creatures vanquished.

Vanquished Creatures (others)
  A bat (D:1)
  A kobold (D:1)
2 creatures vanquished.

Grand Total: 58 creatures vanquished

Notes
Turn   | Place    | Note
--------------------------------------------------------------
     0 | D:1      | Ijustatesigmund the Octopode Transmuter began the quest for the Orb.
     0 | D:1      | Reached XP level 1. HP: 13/13 MP: 3/3
    51 | D:1      | Reached skill level 1 in Stealth
   298 | D:1      | Reached XP level 2. HP: 16/18 MP: 5/5
   690 | D:1      | Reached XP level 3. HP: 17/23 MP: 6/6
   694 | D:1      | Learned a level 2 spell: Sticks to Snakes
  1413 | D:2      | Reached XP level 4. HP: 20/28 MP: 7/7
  2403 | D:3      | Reached skill level 4 in Stealth
  2420 | D:3      | Slain by an orc wizard

Vault maps used:
D:1:      wheals_arrival_shading, lemuel_flame_loot_1
D:2:      hangedman_decor_growths
D:3:      nicolae_qazlal_eye_of_the_storm, minivault_11

Action                   |  1- 3 |  4- 6 || total
-------------------------+-------+-------++-------
Melee: Unarmed           |    76 |    34 ||   110
       Blowgun           |       |     2 ||     2
 Fire: Blowgun           |       |     4 ||     4
Throw: Tomahawk          |     1 |       ||     1
 Cast: Beastly Appendage |     5 |     1 ||     6
       Sticks to Snakes  |       |     8 ||     8
  Use: Scroll            |     4 |     3 ||     7
 Stab: Sleeping          |    12 |     6 ||    18
  Eat: Chunk             |     1 |       ||     1
       Bread ration      |       |     1 ||     1
